 Dungeon Crawl Stone Soup version 0.30.1-11-g7821555f0a (webtiles) character file.

Game seed: 8876166630913226202

116 SacredBeard the Grave Robber (level 4, 0/32 HPs)
             Began as a Demonspawn Necromancer on Nov 4, 2023.
             Slain by a gnoll
             ... wielding a +0 club
              (4 damage)
             ... on level 3 of the Dungeon.
             The game lasted 00:06:17 (3015 turns).

SacredBeard the Grave Robber (DsNe)                 Turns: 3015, Time: 00:06:18

Health: 0/32       AC:  6    Str:  9    XL:     4   Next: 69%
Magic:  4/7        EV: 15    Int: 16    God:
Gold:   113        SH:  4    Dex: 15    Spells: 6/7 levels left

rFire   . . .        h - +0 dagger
rCold   . . .        (no shield)
rNeg    . . .        p - +1 ring mail {rPois}
rPois   +            (helmet restricted)
rElec   .            (no cloak)
rCorr   .            (no gloves)
SInv    .            (no boots)
Will    .....        (no amulet)
Stlth   +            m - +5 ring of evasion
HPRegen 0.25/turn    (no ring)
MPRegen 0.10/turn

%: no passive effects
@: attractive
A: horns 1, condensation shield
a: no special abilities


You were on level 3 of the Dungeon.
You visited 1 branch of the dungeon, and saw 3 of its levels.

You collected 113 gold pieces.

Inventory:

Hand Weapons
 h - a +0 dagger (weapon)
Missiles
 i - 6 poisoned darts
 o - 4 silver boomerangs
Armour
 p - a +1 ring mail of poison resistance (worn)
Jewellery
 m - a +5 ring of evasion (left hand)
Scrolls
 a - a scroll of enchant armour {unknown}
 c - 2 scrolls of teleportation {unknown}
 d - 4 scrolls of identify {unknown}
 f - 2 scrolls of fog {unknown}
 g - a scroll of blinking {unknown}
Potions
 b - 2 potions of magic
 e - a potion of brilliance {unknown}
 j - a potion of flight {unknown}
 k - a potion of ambrosia {unknown}
 l - a potion of mutation {unknown}
 n - a potion of attraction


   Skills:
 + Level 1.0 Fighting
 + Level 0.6 Throwing
 + Level 1.1 Armour
 + Level 2.3 Dodging
 + Level 2.4 Stealth
 + Level 2.3 Spellcasting
 * Level 5.2 Necromancy


You had 6 spell levels left.
You knew the following spells:

 Your Spells              Type           Power      Damage    Failure   Level
a - Necrotise             Necr           72%        1d7       7%          1

Your spell library contained the following spells:

 Spells                   Type           Power      Damage    Failure   Level
 Vampiric Draining        Necr           18%        2d7       21%         3
 Animate Dead             Necr           18%        N/A       54%         4
 Agony                    Necr           18%        N/A       88%         5


Dungeon Overview and Level Annotations

Branches:
Dungeon (3/15) Zot: 14987

Altars:

Shops:
D:1 (

Annotations:
D:3 1 runed translucent door, Crazy Yiuf


Innate Abilities, Weirdness & Mutations

You have a pair of small horns on your head.
A meltable shield of frost defends you. (SH +4)


Message History

Confirm with . or Enter, or press ? or * to list all spells.
Aiming: Necrotise (safe; 7% risk of failure)
Press: ? - help, Shift-Dir - straight line, f - gnoll
Aim: a gnoll, wielding a +0 spear (almost dead, ally target, chance to affect: 83%)
The gnoll writhes in agony!
You kill the gnoll!
The dead are walking!
The gnoll misses you. The gnoll hits you with a +0 club.
You hit the gnoll but do no damage.
You headbutt the gnoll, but do no damage.
The gnoll hits you but does no damage. The gnoll hits you with a +0 club.
* * * LOW HITPOINT WARNING * * *
Your gnoll skeleton hits the gnoll but does no damage.
Your gnoll skeleton closely misses the gnoll.
You hit the gnoll.
The gnoll is lightly wounded.
You block the gnoll's attack.
You closely miss the gnoll.
The gnoll is lightly wounded.
The gnoll misses you. The gnoll hits you with a +0 club.
* * * LOW HITPOINT WARNING * * *
Your gnoll skeleton hits the gnoll.
Okay, then.
It was a potion of attraction.
You feel attractive to monsters.
Your gnoll skeleton hits the gnoll.
The gnoll misses you. The gnoll hits you but does no damage.
The gnoll attacks as you move away! The gnoll closely misses you.
Your gnoll skeleton barely misses the gnoll.
The gnoll completely misses your gnoll skeleton.
Your gnoll skeleton hits the gnoll.
The gnoll is attracted toward you. The gnoll attacks as you move away!
The gnoll closely misses you. You block the gnoll's attack.
The gnoll hits your gnoll skeleton with a +0 spear!
Your gnoll skeleton hits the gnoll but does no damage.
The gnoll is attracted toward you. The gnoll is attracted toward you.
The gnoll is attracted toward you. The gnoll attacks as you move away!
The gnoll completely misses you. The gnoll attacks as you move away!
The gnoll hits you with a +0 club.
You die...

#..# ######..# #...Z.).#
#.#.#####§###
.......>.Z..#
.#....Z§.#.# #.###.###.#
###########Z###.#
♣♣♣♣♣##.....@gg.§.....#
♣♣♣.♣...###########.#####
.#♣..♣......## #.#
.+.♣♣♣♣P.....# #.# .#♣♣
♣♣..#..# #.# ♣♣##..######
#.# #.......# #.#
#.......# #.#
#######.......###.#


You could see 2 gnolls and a friendly gnoll skeleton.

Vanquished Creatures
  Robin (D:3)
  2 adders (D:2)
  2 gnolls (D:3)
  An orc (D:3)
  7 ball pythons
  10 bats
  5 endoplasms
  A giant cockroach (D:1)
  5 goblins
  8 hobgoblins
  3 jackals (D:3)
  6 kobolds
  A quokka (D:3)
  2 frilled lizards
  4 rats
58 creatures vanquished.

Vanquished Creatures (collateral kills)
  A hobgoblin (D:3)
  A ball python (D:1)
  A rat (D:1)
3 creatures vanquished.

Grand Total: 61 creatures vanquished

Notes
Turn   | Place    | Note
-------+----------+-------------------------------------------
     0 | D:1      | SacredBeard the Demonspawn Necromancer began the quest for
                  | the Orb.
     0 | D:1      | Reached XP level 1. HP: 13/13 MP: 3/3
   232 | D:1      | Discovered your monstrous ancestry.
   232 | D:1      | Gained mutation: You have a pair of small horns on your
                  | head. [demonic ancestry]
   232 | D:1      | Reached XP level 2. HP: 19/19 MP: 3/5
   421 | D:1      | Found Ixaxzap's Antique Weapon Shop.
   671 | D:1      | Found a faded altar of an unknown god.
  1226 | D:2      | Gained mutation: A meltable shield of frost defends you.
                  | (SH +4) [demonic ancestry]
  1226 | D:2      | Reached XP level 3. HP: 25/25 MP: 4/6
  2154 | D:3      | Noticed Robin
  2182 | D:3      | Killed Robin
  2183 | D:3      | Reached skill level 5 in Necromancy
  2183 | D:3      | Reached XP level 4. HP: 31/31 MP: 1/7
  2315 | D:3      | Reached skill level 1 in Armour
  2952 | D:3      | Found a runed translucent door.
  2953 | D:3      | Noticed Crazy Yiuf
  2991 | D:3      | Reached skill level 1 in Fighting
  3015 | D:3      | Slain by a gnoll

Illustrated notes

Levels and vault maps discovered:
D:1:      minmay_arrival_glassed_features, layout_basic, serial_shops, shop,
          dilly_ecumenical_altar_fadedgnrine, hangedman_abyss_or_decor_stabs
D:2:      layout_loops_corners
D:3:      layout_basic, uniq_robin, uniq_crazy_yiuf_cottage

Skill      XL: |  1  2  3  4 |
---------------+-------------+-----
Dodging        | 2 |  2.3
Stealth        | 2 |  2.4
Necromancy     | 5 |  5.2
Armour         | 1 |  1.1
Fighting       | 1 |  1.0
Throwing       | |  0.6
Spellcasting   | |  2.3

Action                     |  1- 3 |  4- 6 || total
---------------------------+-------+-------++-------
  Melee: Unarmed           |     8 |       ||     8
         Dagger            |    61 |    61 ||   122
         Short sword       |    10 |       ||    10
         Headbutt          |    10 |     7 ||    17
         Punch             |     1 |       ||     1
   Cast: Necrotise         |    39 |    23 ||    62
    Use: Potion            |       |     1 ||     1
 Armour: Robe              |    19 |     5 ||    24
         Ring mail         |       |     7 ||     7
  Dodge: Dodged            |    56 |    52 ||   108
  Block: Other             |     2 |    21 ||    23
